Map: [ESL] Oceanborn

Players

Harstem - Winner!

  • Race: Protoss Protoss
  • League: Grandmaster
  • Spawn Location: 11:00

SKillous

  • Race: Protoss Protoss
  • League: Grandmaster
  • Spawn Location: 5:00

VOD

Have the link to the VOD?

Description

Time

  • Played on: Nov. 25, 2023, 11:42 a.m.
  • Length: 6:27
Show
View Real Time Build Order
Export as new Build Order

Harstem Protoss - Winner!

Build Orders: Oracle Opening 

Get SALT Encoding   

  12  0:00  Probe  
  13  0:12  Probe  
  14  0:18  Pylon  
  14  0:24  Probe  
  15  0:36  Probe (Chrono Boost)  
  15  0:38  Gateway  
  16  0:46  Assimilator, Probe (Chrono Boost)  
  17  0:51  Probe (Chrono Boost)  
  17  0:56  Assimilator  
  18  1:03  Probe (Chrono Boost)  
  19  1:09  Gateway  
  19  1:12  Probe (Chrono Boost)  
  19  1:17  Probe (Chrono Boost)  
  20  1:25  Cybernetics Core  
  21  1:29  Probe  
  22  1:33  Pylon  
  22  1:41  Probe  
  23  1:53  Probe  
  24  2:00  Warp Gate (Chrono Boost)  
  24  2:02  Stalker, Adept  
  24  2:05  Probe  
  29  2:12  Pylon  
  29  2:18  Probe  
  30  2:32  Stalker  
  30  2:34  Stargate  
  32  2:52  Nexus  
  32  2:55  Probe  
  33  3:08  Probe  
  34  3:18  Oracle  
  35  3:20  Probe  
  34  3:31  Twilight Council  
  34  3:32  Probe  
  35  3:42  Stalker  
  35  3:44  Probe  
  38  3:50  Pylon  
  38  3:56  Probe  
  39  4:02  Blink (Chrono Boost)  
  39  4:04  Gateway  
  40  4:11  Probe  
  40  4:16  Stalker  
  41  4:18  Probe  
  41  4:23  Probe  
  44  4:34  Shield Battery  
  44  4:35  Stalker  
  44  4:36  Probe  
  47  4:42  Stalker  
  47  4:44  Probe  
  44  4:48  Probe  
  45  4:56  Probe  
  45  4:59  Stalker  
  48  5:00  Probe  
  48  5:01  Stalker  
  48  5:06  Stalker  
  53  5:09  Probe  
  55  5:24  Pylon  
  55  5:25  Stalker x2  
  58  5:29  Probe  
  58  5:30  Probe  
  60  5:41  Probe  
  60  5:42  Probe  
  62  5:49  Stalker x2  
  66  5:53  Probe  
  68  6:01  Stalker  
  70  6:05  Probe  
  64  6:11  Stalker  
  64  6:12  Stalker  
  68  6:19  Nexus  
Show
View Real Time Build Order
Export as new Build Order

SKillous Protoss 

Build Orders:  

Get SALT Encoding   

  12  0:00  Probe  
  13  0:12  Probe  
  14  0:19  Pylon  
  14  0:24  Probe  
  15  0:37  Probe (Chrono Boost)  
  15  0:38  Gateway  
  16  0:47  Assimilator, Probe (Chrono Boost)  
  17  0:52  Probe (Chrono Boost)  
  17  0:55  Assimilator  
  18  1:04  Probe (Chrono Boost)  
  19  1:08  Gateway  
  19  1:13  Probe (Chrono Boost)  
  20  1:18  Probe (Chrono Boost)  
  20  1:25  Cybernetics Core  
  21  1:30  Probe  
  22  1:34  Pylon  
  22  1:42  Probe  
  23  1:54  Probe  
  23  2:00  Warp Gate (Chrono Boost)  
  24  2:02  Adept x2  
  28  2:12  Pylon  
  28  2:25  Pylon  
  28  2:32  Adept x2  
  32  2:48  Nexus  
  32  2:49  Probe  
  33  3:02  Adept x2  
  37  3:08  Probe  
  37  3:09  Pylon  
  38  3:25  Probe  
  37  3:32  Twilight Council  
  37  3:33  Shield Battery  
  35  3:37  Probe  
  36  3:42  Stalker  
  36  3:47  Stalker  
  40  3:50  Probe  
  41  4:00  Probe  
  41  4:02  Probe  
  43  4:07  Stalker, Blink (Chrono Boost)  
  45  4:12  Stalker  
  47  4:23  Probe x2  
  49  4:34  Stalker  
  49  4:35  Probe x2  
  53  4:47  Probe x2  
  53  4:52  Stalker  
  53  4:53  Pylon  
  53  4:57  Stalker  
  53  4:59  Probe x2  
  53  5:11  Probe  
  53  5:14  Pylon  
  54  5:18  Nexus  
  54  5:19  Probe  
  55  5:22  Sentry x2  
  59  5:28  Robotics Facility  
  59  5:30  Probe  
  59  5:32  Probe  
  59  5:35  Assimilator  
  55  5:46  Stalker x2  
  55  5:47  Probe  
  57  5:58  Pylon  
  57  5:59  Probe  
  57  6:01  Probe  
  48  6:10  Stalker x2  
  40  6:11  Probe  
  40  6:13  Probe  
Tags
 
Add a new tag
Caveats
  • Supply blocks, unpowered buildings, or Contaminate may cause inaccurate times.
  • Supply counts are checked every 10 seconds.